[Event "Titled Tuesday Blitz February 07 Late 2023"]
[White "Sochacki, Christophe"]
[Black "Dzida, Kamil"]
[WhiteFideId "662569"]
[BlackFideId "21828652"]
[WhiteElo "2448"]
[BlackElo "2352"]
[Result "0-1"]
[Round "02"]
[TimeControl "180+2"]
[Date "2023.02.07"]
[WhiteClock "0:00:11"]
[BlackClock "0:00:18"]

1. e4 e5 2. Nf3 Nc6 3. d4 exd4 4. Nxd4 Nf6 5. Nxc6 bxc6 6. e5 Qe7 7. Qe2 Nd5 8. c4 Ba6 9. g3 g6 10. Bg2 Bg7 11. O-O O-O 12. Re1 Rae8 13. Qc2 Nb4 14. Qb3 c5 15. Nc3 c6 16. Ne4 Qxe5 17. Be3 Qxb2 18. Nxc5 Nc2 19. Nxa6 Qxb3 20. axb3 Bxa1 21. Rd1 Nxe3 22. fxe3 Bg7 23. Rxd7 Rxe3 24. Bxc6 Rfe8 25. b4 Ra3 26. b5 Ra2 27. Rd1 Bd4+ 28. Kh1 Ree2 29. Bg2 Rxg2 30. Rxd4 Rxh2+ 31. Kg1 Rhc2 32. Rf4 Ra1+ 33. Rf1 Rcc1 34. Rxc1 Rxc1+ 35. Kf2 Rxc4 36. Ke3 Kf8 37. Nb8 Ke7 38. Nc6+ Rxc6 39. bxc6 Kd6 40. Kd4 Kxc6 41. Ke5 a5 42. Kf6 a4 43. Kxf7 a3 44. Kg7 a2 45. Kxh7 a1=Q 46. Kxg6 Qh8 47. g4 Qg8+ 48. Kf5 Kd5 49. g5 Qe6+ 50. Kf4 Qe4+ 51. Kg3 Ke5 52. Kh3 Kf4 53. g6 Qh1# 0-1


[Site "https://www.chess.com"]

[Event "Titled Tuesday Blitz February 07 Late 2023"]
[White "Goncalves, Davi Sulzbacher"]
[Black "Alex_Sahakyan2006"]
[WhiteFideId "2154510"]
[WhiteElo "2282"]
[BlackElo "2733"]
[Result "0-1"]
[Round "02"]
[TimeControl "180+2"]
[Date "2023.02.07"]
[WhiteClock "0:00:01"]
[BlackClock "0:01:10"]

1. Nf3 d5 2. d4 Nf6 3. c4 e6 4. Nc3 h6 5. g3 Nc6 6. Bg2 Bd6 7. O-O O-O 8. c5 Be7 9. Bf4 b6 10. cxb6 axb6 11. Rc1 Ba6 12. a3 Na5 13. Bxc7 Qxc7 14. Nxd5 Qd8 15. Nc7 Ra7 16. Nxa6 Rxa6 17. Ne5 Nd5 18. e4 Nf6 19. b4 Nb7 20. Nc6 Qd7 21. e5 Nd5 22. Qd3 Rfa8 23. Nb8 Rxb8 24. Qxa6 Nd8 25. Rc2 Nc6 26. Qb5 Nxe5 27. Qxd7 Nxd7 28. Bxd5 exd5 29. Rc7 Rd8 30. Rfc1 Bf6 31. Rc8 Rxc8 32. Rxc8+ Nf8 33. Kf1 Bxd4 34. Rd8 Bb2 35. a4 Bc3 36. b5 d4 37. Rd6 Ba5 38. Rxd4 Ne6 39. Rd6 Nc5 40. Rd8+ Kh7 41. f4 Nxa4 42. Kf2 Nc3 43. Rd7 Kg6 44. Kf3 Nxb5 45. g4 Nc3 46. h4 Bb4 47. Rc7 Bc5 0-1


[Site "https://www.chess.com"]

[Event "Titled Tuesday Blitz February 07 Late 2023"]
[White "Sarkar, Justin"]
[Black "Adewumi, Tanitoluwa"]
[WhiteFideId "2010011"]
[BlackFideId "30966396"]
[WhiteElo "2309"]
[BlackElo "2283"]
[Result "1-0"]
[Round "02"]
[TimeControl "180+2"]
[Date "2023.02.07"]
[WhiteClock "0:00:10"]
[BlackClock "0:00:03"]

1. e4 c6 2. Nf3 d5 3. Nc3 dxe4 4. Nxe4 Nf6 5. Ng3 Bg4 6. h3 Bxf3 7. Qxf3 e6 8. c3 Nbd7 9. d4 Bd6 10. Bd3 O-O 11. O-O Qc7 12. a4 Rae8 13. Re1 Bxg3 14. fxg3 e5 15. Qf2 exd4 16. Bf4 Qb6 17. cxd4 Qb4 18. Be5 Nxe5 19. dxe5 Nd5 20. Re4 Qb6 21. a5 Qxf2+ 22. Kxf2 f5 23. Re2 Kh8 24. Bc4 Nc7 25. e6 Rf6 26. Rd1 h6 27. e7 b5 28. Ba2 b4 29. Rd7 Na6 30. Rd8 Nc7 31. Red2 g6 32. Rxe8+ Nxe8 33. Rd8 Kg7 34. Rxe8 Rd6 35. Rg8+ Kf6 36. e8=N+ Ke7 37. Nxd6 Kxd6 38. Rxg6+ 1-0


[Site "https://www.chess.com"]

[Event "Titled Tuesday Blitz February 07 Late 2023"]
[White "Cuenca Jimenez, Jose Fernando"]
[Black "Battlecruiser_Operational"]
[WhiteFideId "2255570"]
[WhiteElo "2535"]
[BlackElo "2371"]
[Result "1-0"]
[Round "02"]
[TimeControl "180+2"]
[Date "2023.02.07"]
[WhiteClock "0:00:12"]
[BlackClock "0:00:01"]

1. d4 d5 2. Nf3 Nf6 3. e3 g6 4. c4 Bg7 5. Nc3 O-O 6. Be2 c5 7. dxc5 Qa5 8. cxd5 Na6 9. O-O Nxc5 10. Bd2 Rd8 11. e4 e6 12. Qc2 Qb6 13. b4 Na6 14. b5 Nc5 15. Bg5 h6 16. Bxf6 Bxf6 17. e5 Bg7 18. d6 Bd7 19. a4 a5 20. Rab1 Rac8 21. Qd2 f6 22. exf6 Bxf6 23. Qxh6 Be8 24. Qe3 Qxd6 25. Ne4 Nxe4 26. Qxe4 b6 27. Rfe1 Bf7 28. g3 Qa3 29. Rbd1 Kg7 30. h4 Rxd1 31. Rxd1 Qa2 32. Rd7 Rc2 33. Bd3 Rc1+ 34. Kg2 Kf8 35. Ng5 Bxg5 36. hxg5 Qb2 37. Qf4 Qg7 38. Qd6+ Kg8 39. Rd8+ Kh7 40. Qf4 Bg8 41. Qh4+ Qh6 42. Qxh6# 1-0


[Site "https://www.chess.com"]

[Event "Titled Tuesday Blitz February 07 Late 2023"]
[White "Javakhadze, Zurab"]
[Black "Remolar Gallen, Jose"]
[WhiteFideId "13603647"]
[BlackFideId "2215187"]
[WhiteElo "2459"]
[BlackElo "2285"]
[Result "0-1"]
[Round "02"]
[TimeControl "180+2"]
[Date "2023.02.07"]
[WhiteClock "0:00:04"]
[BlackClock "0:00:03"]

1. Nf3 Nf6 2. g3 g6 3. Bg2 Bg7 4. O-O O-O 5. c4 d6 6. Nc3 Nc6 7. d3 e5 8. Rb1 h6 9. b4 Be6 10. b5 Ne7 11. Nd2 Rb8 12. a4 Nd7 13. Bb2 f5 14. Nd5 Nf6 15. Nxf6+ Rxf6 16. f4 Rf7 17. Qc2 g5 18. e3 Ng6 19. Nf3 g4 20. Nd2 h5 21. d4 exf4 22. exf4 Re7 23. d5 Bd7 24. Bxg7 Rxg7 25. Nb3 Qf6 26. c5 Re8 27. Rfe1 Rge7 28. Kf2 h4 29. cxd6 cxd6 30. Rxe7 Qxe7 31. Qd2 a6 32. Nd4 axb5 33. axb5 Qd8 34. b6 Qe7 35. Bf1 Qf6 36. Re1 Rxe1 37. Kxe1 Ne7 38. Bb5 Bc8 39. Bc4 hxg3 40. hxg3 Qh8 41. Qe3 Qh1+ 42. Kd2 Qg2+ 43. Kc3 Kf8 44. Bb3 Nxd5+ 45. Bxd5 Qxd5 46. Nb3 Be6 47. Nd2 Qc6+ 48. Kd3 Kf7 49. Qd4 Qb5+ 50. Ke3 Qc6 51. Qh8 Qxb6+ 52. Ke2 Qb5+ 53. Kf2 Qc5+ 54. Ke2 Qb5+ 55. Kf2 Qb6+ 56. Ke2 Qa6+ 57. Ke1 Qc6 58. Qh7+ Ke8 59. Qg6+ Kd7 60. Qg7+ Ke8 61. Qf6 Qd5 62. Qh8+ Kd7 63. Qg7+ Kc6 64. Nf1 b5 65. Kf2 Qe4 66. Ne3 b4 67. Qa7 Qd3 68. Qa8+ Kc5 69. Qa5+ Kd4 70. Qb6+ Kc3 71. Qc6+ Kd2 72. Nf1+ Kd1 73. Ne3+ Kd2 74. Nf1+ Kd1 75. Qa4+ Qc2+ 0-1


[Site "https://www.chess.com"]

[Event "Titled Tuesday Blitz February 07 Late 2023"]
[White "Tyagi, Kushan"]
[Black "Koziorowicz, Michal"]
[WhiteFideId "2040069"]
[BlackFideId "21809194"]
[WhiteElo "2060"]
[BlackElo "2307"]
[Result "0-1"]
[Round "02"]
[TimeControl "180+2"]
[Date "2023.02.07"]
[WhiteClock "0:00:29"]
[BlackClock "0:00:33"]

1. d4 d5 2. c4 c6 3. Nf3 Nf6 4. Qb3 e6 5. g3 Nbd7 6. Bg2 Be7 7. O-O O-O 8. Rd1 Qb6 9. Nc3 Rd8 10. Bf4 Qxb3 11. axb3 Nf8 12. c5 N6d7 13. b4 Re8 14. b5 a6 15. b4 f6 16. bxc6 bxc6 17. b5 e5 18. bxc6 Nxc5 19. dxe5 Be6 20. Nxd5 Bxd5 21. Rxd5 Nce6 22. Be3 Rec8 23. Rc1 Nc7 24. Ra5 Rcb8 25. exf6 Bxf6 26. Bf4 Nfe6 27. Be5 Rb5 28. Rca1 Kf7 29. Bxf6 Kxf6 30. Rxb5 Nxb5 31. Nd2 Nec7 32. e3 Ke7 33. Kf1 Kd6 34. Ne4+ Ke7 35. Nc5 a5 36. Ke2 a4 37. Kd2 a3 38. Kc2 Kd6 39. Nb3 Ra4 40. h4 Rc4+ 41. Kd2 Nd5 42. Nd4 Nxd4 43. exd4 Rxd4+ 44. Kc2 Rc4+ 45. Kd2 Rd4+ 46. Kc2 Kxc6 47. Rxa3 Kd6 48. Rd3 Nb4+ 49. Kc3 Rxd3+ 50. Kxb4 Rd2 51. Be4 Rd4+ 0-1


[Site "https://www.chess.com"]

[Event "Titled Tuesday Blitz February 07 Late 2023"]
[White "Leiva, Gianmarco"]
[Black "Miszler, Levente"]
[WhiteFideId "3804399"]
[BlackFideId "763276"]
[WhiteElo "2392"]
[BlackElo "2271"]
[Result "1-0"]
[Round "02"]
[TimeControl "180+2"]
[Date "2023.02.07"]
[WhiteClock "0:00:42"]
[BlackClock "0:01:12"]

1. e4 e6 2. d4 d5 3. Nd2 f5 4. e5 c5 5. c3 Nc6 6. Ndf3 g6 7. Bd3 Bg7 8. Ne2 Nge7 9. a3 b6 10. b4 c4 11. Bc2 a5 12. b5 Na7 13. a4 Kd7 14. h4 h6 15. Nf4 Kc7 16. Ba3 Bd7 17. Bxe7 Qxe7 18. Nxg6 Qf7 19. Nxh8 Rxh8 20. h5 Nc8 21. Nh4 Ne7 22. g3 Be8 23. Ng2 Rg8 24. Nf4 Bf8 25. Kd2 Rg4 26. Qf3 Bd7 27. Bd1 Rg5 28. Qe3 Qg8 29. Bf3 Qf7 30. Kc2 Qh7 31. Kb2 Ng8 32. Nxd5+ exd5 33. e6 Be8 34. Qe5+ Kb7 35. Qxd5+ 1-0


[Site "https://www.chess.com"]

[Event "Titled Tuesday Blitz February 07 Late 2023"]
[White "Gomes, Luiz Alexandre de Souza"]
[Black "Gascon Del Nogal, Jose Rafael"]
[WhiteFideId "2102790"]
[BlackFideId "3902463"]
[WhiteElo "2254"]
[BlackElo "2459"]
[Result "0-1"]
[Round "02"]
[TimeControl "180+2"]
[Date "2023.02.07"]
[WhiteClock "0:00:01"]
[BlackClock "0:01:00"]

1. e4 c5 2. Nf3 d6 3. d4 cxd4 4. Nxd4 Nf6 5. Nc3 Nc6 6. Be2 e5 7. Nb3 Be7 8. Be3 Be6 9. Qd2 O-O 10. O-O-O a5 11. Kb1 a4 12. Nc1 a3 13. b3 Nb4 14. Nd3 d5 15. exd5 Nfxd5 16. Nxd5 Nxd5 17. Nxe5 Qc7 18. Bd4 Bb4 19. Qd3 Nc3+ 20. Bxc3 Bxc3 21. Nc4 Bf6 22. Qd6 Qc8 23. Qb4 Bxc4 24. Bxc4 Qf5 25. Rhe1 Qxf2 26. Re2 Qf5 27. Qxb7 Rac8 28. Bd3 Qc5 29. c4 Rce8 30. Rxe8 Rxe8 31. Qd5 Qf2 32. Bc2 g6 33. c5 Re2 34. Qd3 Qxc5 35. Qxe2 Qc3 36. Kc1 Bg5+ 37. Rd2 Qb2+ 38. Kd1 Qa1+ 0-1


[Site "https://www.chess.com"]

[Event "Titled Tuesday Blitz February 07 Late 2023"]
[White "Rego, Pedro Filipe"]
[Black "Wieczorek, Oskar"]
[WhiteFideId "1904310"]
[BlackFideId "1133950"]
[WhiteElo "2312"]
[BlackElo "2512"]
[Result "0-1"]
[Round "02"]
[TimeControl "180+2"]
[Date "2023.02.07"]
[WhiteClock "0:00:01"]
[BlackClock "0:00:04"]

1. c4 Nf6 2. Nc3 g6 3. g3 Bg7 4. Bg2 O-O 5. Nf3 d6 6. O-O Nc6 7. Rb1 e5 8. d3 a5 9. a3 Nd4 10. e3 Nxf3+ 11. Bxf3 c6 12. b4 axb4 13. axb4 d5 14. Qb3 Be6 15. cxd5 cxd5 16. d4 e4 17. Bg2 Ne8 18. Ba3 Nd6 19. b5 Re8 20. Bxd6 Qxd6 21. Ra1 Bf8 22. Na4 b6 23. Rfc1 Bd7 24. Bf1 Ra5 25. Nc3 Rxa1 26. Rxa1 Be6 27. Ra6 Rb8 28. Na4 Qd8 29. Qc3 h5 30. h4 Rc8 31. Qb2 g5 32. Nxb6 Rb8 33. Na4 gxh4 34. Nc5 Bf5 35. Be2 hxg3 36. fxg3 Qg5 37. Kh2 h4 38. g4 Qxe3 39. gxf5 Qf2+ 40. Kh1 h3 41. Bf1 Qxb2 42. Bxh3 Qxd4 43. Nd7 Qd1+ 44. Kh2 Qd2+ 45. Bg2 Qf4+ 46. Kg1 Rxb5 47. Nf6+ Kh8 0-1


[Site "https://www.chess.com"]

[Event "Titled Tuesday Blitz February 07 Late 2023"]
[White "Dourerassou, Jonathan"]
[Black "Jenkins, Drake"]
[WhiteFideId "628050"]
[BlackFideId "2022397"]
[WhiteElo "2414"]
[BlackElo "2130"]
[Result "1-0"]
[Round "02"]
[TimeControl "180+2"]
[Date "2023.02.07"]
[WhiteClock "0:01:15"]
[BlackClock "0:00:01"]

1. d4 Nf6 2. Bg5 e6 3. e4 h6 4. Bxf6 Qxf6 5. Nc3 Bb4 6. Nf3 O-O 7. Qd2 c5 8. e5 Qe7 9. a3 Bxc3 10. bxc3 d6 11. Bd3 Nc6 12. O-O b6 13. Rfe1 Bb7 14. Qf4 Rad8 15. Qe4 g6 16. Qf4 Kg7 17. h4 cxd4 18. cxd4 dxe5 19. dxe5 h5 20. Ng5 Rd4 21. Ne4 Na5 22. Qe3 Rfd8 23. Nf6 Rxh4 24. Qg5 Rg4 25. Nxh5+ Kf8 26. Qh6+ Ke8 27. Nf6+ Qxf6 28. exf6 Rxg2+ 29. Kf1 Kd7 30. Be4 Bxe4 31. Rxe4 1-0


[Site "https://www.chess.com"]

[Event "Titled Tuesday Blitz February 07 Late 2023"]
[White "Cueto, Jonny"]
[Black "Starozhilov, Leonid"]
[WhiteFideId "3300145"]
[BlackFideId "14106752"]
[WhiteElo "2122"]
[BlackElo "2313"]
[Result "0-1"]
[Round "02"]
[TimeControl "180+2"]
[Date "2023.02.07"]
[WhiteClock "0:00:02"]
[BlackClock "0:00:31"]

1. d4 Nf6 2. Bf4 g6 3. Nc3 Bg7 4. e4 d6 5. Qd2 h6 6. h4 c6 7. O-O-O Qa5 8. f3 Nbd7 9. e5 Nh5 10. exd6 Nxf4 11. Qxf4 e6 12. Bc4 O-O 13. Nge2 b5 14. Bb3 Qb6 15. Qg3 a5 16. a4 bxa4 17. Nxa4 Qb4 18. Nf4 Qxd6 19. Qg4 Nf6 20. Qg3 Nd5 21. Qg4 Qxf4+ 22. Qxf4 Nxf4 23. Nc5 Bxd4 0-1


[Site "https://www.chess.com"]

[Event "Titled Tuesday Blitz February 07 Late 2023"]
[White "Tan, Zhongyi"]
[Black "Mione, Dario"]
[WhiteFideId "8603642"]
[BlackFideId "806625"]
[WhiteElo "2517"]
[BlackElo "2228"]
[Result "1-0"]
[Round "02"]
[TimeControl "180+2"]
[Date "2023.02.07"]
[WhiteClock "0:00:28"]
[BlackClock "0:00:09"]

1. d4 d5 2. c4 e6 3. Nf3 Nf6 4. g3 c6 5. Bg2 Be7 6. O-O O-O 7. Nc3 Nbd7 8. b3 a6 9. Qc2 b5 10. c5 e5 11. dxe5 Ng4 12. e4 dxe4 13. Nxe4 Ngxe5 14. Nfg5 h6 15. Nh3 Nf6 16. Rd1 Nd5 17. Bb2 Ng6 18. Nc3 Be6 19. Nxd5 cxd5 20. b4 a5 21. a3 Bf6 22. f4 Bxb2 23. Qxb2 axb4 24. axb4 Rxa1 25. Qxa1 Qd7 26. Nf2 Ne7 27. Nd3 Nc6 28. Ne5 Nxe5 29. Qxe5 Rd8 30. f5 Bxf5 31. Rxd5 Re8 32. Qxf5 Re1+ 33. Bf1 Qe7 34. Qf2 Rb1 35. Rd4 1-0


[Site "https://www.chess.com"]

[Event "Titled Tuesday Blitz February 07 Late 2023"]
[White "Sokolovsky, Yahli"]
[Black "Talbi, Chafik"]
[WhiteFideId "2820242"]
[BlackFideId "7903715"]
[WhiteElo "2461"]
[BlackElo "2224"]
[Result "1-0"]
[Round "02"]
[TimeControl "180+2"]
[Date "2023.02.07"]
[WhiteClock "0:00:17"]
[BlackClock "0:00:18"]

1. b3 e5 2. Bb2 d6 3. e3 g6 4. d4 Bg7 5. dxe5 Bxe5 6. Bxe5 dxe5 7. Qxd8+ Kxd8 8. Nf3 f6 9. Nc3 c6 10. O-O-O+ Ke7 11. Ne4 Nh6 12. Bc4 b5 13. Be2 Nf7 14. Rd2 Bf5 15. Nc5 Nd7 16. Na6 Nc5 17. Nxc5 Rhd8 18. Rhd1 Rxd2 19. Nxd2 a5 20. Bf3 Rc8 21. Nde4 Bxe4 22. Bxe4 Nd6 23. Bf3 f5 24. e4 f4 25. Be2 h5 26. h4 Rc7 27. Bf3 Rc8 28. c3 Rc7 29. Kc2 Rc8 30. a4 Rc7 31. Ra1 Rc8 32. Nd3 Ke6 33. axb5 cxb5 34. Rxa5 Rc6 35. Ra8 Rc7 36. Nb4 Rc5 37. Nd5 b4 38. c4 Nb5 39. Ra6+ Kf7 40. Nxb4 Nd4+ 41. Kb2 Rc8 42. Nd3 Rb8 43. Nxe5+ Kf8 44. Nxg6+ Kf7 45. Bd1 Ne6 46. Ne5+ 1-0


[Site "https://www.chess.com"]

[Event "Titled Tuesday Blitz February 07 Late 2023"]
[White "Tobares, Leandro"]
[Black "Fiorito, Joaquin"]
[WhiteFideId "106402"]
[BlackFideId "180173"]
[WhiteElo "2189"]
[BlackElo "2405"]
[Result "0-1"]
[Round "02"]
[TimeControl "180+2"]
[Date "2023.02.07"]
[WhiteClock "0:00:10"]
[BlackClock "0:00:29"]

1. c4 Nf6 2. Nc3 e6 3. d4 Bb4 4. Bd2 d5 5. e3 O-O 6. Nf3 b6 7. cxd5 exd5 8. Bd3 Bb7 9. Qc2 a6 10. O-O Nbd7 11. Ne2 Bd6 12. Ng3 g6 13. a3 c5 14. Bc3 Re8 15. Rfe1 Rc8 16. Rad1 c4 17. Bf1 b5 18. Bb4 Bxb4 19. axb4 h5 20. Ne2 Qe7 21. Nf4 Ne4 22. Nd2 Qxb4 23. f3 Nxd2 24. Rxd2 c3 25. bxc3 Rxc3 26. Qd1 Rcxe3 27. Rxe3 Rxe3 28. Rc2 Qd6 29. Nd3 Re8 30. Nc5 Nxc5 31. dxc5 Qf6 32. Qc1 Bc6 33. Qa3 Qd4+ 34. Rf2 Re1 35. g3 Ra1 36. Qb3 a5 37. Kg2 a4 38. Qc2 b4 39. Rd2 Qc3 40. Qxc3 bxc3 41. Rc2 d4 42. Bd3 a3 43. Kf2 Rb1 44. Bc4 Rb2 45. Rxb2 axb2 46. Bd3 Kf8 0-1


[Site "https://www.chess.com"]

[Event "Titled Tuesday Blitz February 07 Late 2023"]
[White "Taspinar, Yanki"]
[Black "Clawitter, Craig"]
[WhiteFideId "34561188"]
[BlackFideId "2023105"]
[WhiteElo "2262"]
[BlackElo "2050"]
[Result "1-0"]
[Round "02"]
[TimeControl "180+2"]
[Date "2023.02.07"]
[WhiteClock "0:00:39"]
[BlackClock "0:00:09"]

1. Nf3 Nf6 2. g3 d6 3. Bg2 g6 4. O-O Bg7 5. d4 O-O 6. b3 c5 7. Bb2 Nc6 8. c4 cxd4 9. Nxd4 Bd7 10. Nc3 Qa5 11. Rc1 Rfc8 12. Qd2 Qh5 13. Nf3 Bh3 14. Rfd1 Bxg2 15. Kxg2 Ng4 16. Nd5 Bxb2 17. Qxb2 Nge5 18. Nxe5 Qxe5 19. Qxe5 dxe5 20. Rd2 e6 21. Nc3 Rd8 22. Rcd1 Rxd2 23. Rxd2 Rd8 24. Rxd8+ Nxd8 25. Kf3 f6 26. Nb5 a6 27. Nd6 Kf8 28. g4 Ke7 29. Ne4 Nf7 30. h3 f5 31. Nc5 Nd6 32. g5 a5 33. h4 b6 34. Na4 Nc8 35. Ke3 Kd6 36. Kd3 Kc6 37. Nc3 Nd6 38. f3 b5 39. Nxb5 Nxb5 40. cxb5+ Kxb5 41. a3 Kc5 42. Kc3 e4 43. fxe4 fxe4 44. e3 Kd5 45. b4 axb4+ 46. Kxb4 Ke5 47. a4 Kf5 48. a5 Kg4 49. a6 Kf3 50. a7 Kxe3 51. a8=Q Kd2 52. Qxe4 1-0


[Site "https://www.chess.com"]

[Event "Titled Tuesday Blitz February 07 Late 2023"]
[White "Zhang, Alan"]
[Black "Tatarinov, Dmitry"]
[WhiteFideId "30936870"]
[BlackFideId "24160067"]
[WhiteElo "2001"]
[BlackElo "2310"]
[Result "0-1"]
[Round "02"]
[TimeControl "180+2"]
[Date "2023.02.07"]
[WhiteClock "0:00:08"]
[BlackClock "0:01:34"]

1. e4 e5 2. Nf3 Nc6 3. Bb5 g6 4. c3 Bg7 5. O-O a6 6. Ba4 Nf6 7. Re1 b5 8. Bc2 O-O 9. d4 d6 10. h3 Bb7 11. d5 Nb8 12. b3 c6 13. c4 Nbd7 14. Be3 Nb6 15. Nbd2 cxd5 16. cxd5 Nbxd5 17. exd5 Nxd5 18. Be4 Nc3 19. Qc2 Nxe4 20. Nxe4 f5 21. Nc3 d5 22. Bc5 Re8 23. Rad1 d4 24. b4 h6 25. Qb3+ Kh7 26. Ne2 Bd5 27. Qa3 Qd7 28. Nexd4 exd4 29. Nxd4 Rxe1+ 30. Rxe1 Qb7 31. Qg3 Rd8 32. Re7 Rd7 33. Nxf5 Rxe7 34. Nxe7 Be4 35. f3 Bb1 36. Qd6 Qa8 37. Qe6 Qe8 38. Qxa6 Qd7 39. Bd6 Qe6 40. Qb6 Qe1+ 41. Kh2 Be5+ 42. f4 Bg7 43. Be5 Bxe5 44. fxe5 Qxe5+ 45. Kg1 Qxe7 46. Qxb5 Bxa2 47. Qc4 Bxc4 0-1


[Site "https://www.chess.com"]

[Event "Titled Tuesday Blitz February 07 Late 2023"]
[White "Bongo Akanga Ndjila, Barthelemy"]
[Black "UnknownMagician"]
[WhiteFideId "10609431"]
[WhiteElo "1824"]
[BlackElo "2696"]
[Result "0-1"]
[Round "02"]
[TimeControl "180+2"]
[Date "2023.02.07"]
[WhiteClock "0:00:48"]
[BlackClock "0:01:36"]

1. d4 d5 2. c4 c6 3. Qc2 g6 4. e3 Bf5 5. Bd3 Bxd3 6. Qxd3 Nf6 7. Nf3 Bg7 8. Nbd2 O-O 9. b3 c5 10. Bb2 Nc6 11. a3 cxd4 12. exd4 dxc4 13. bxc4 e6 14. O-O Rc8 15. Rfe1 Re8 16. Rad1 Na5 17. d5 exd5 18. Rxe8+ Nxe8 19. Bxg7 Kxg7 20. cxd5 Nd6 21. Qd4+ Qf6 22. Ne5 b6 23. Ndf3 Nac4 24. Nxc4 Rxc4 25. Qxf6+ Kxf6 26. Nd4 Rc3 27. a4 Ra3 28. h4 Rxa4 29. Rd3 h6 30. g4 b5 31. Rf3+ Ke5 32. Nc6+ Kxd5 33. Nd8 Rxg4+ 34. Kf1 Rxh4 35. Nxf7 Nxf7 36. Rxf7 a5 37. Rf6 Rg4 38. f3 Rg5 39. Ke2 a4 40. Rb6 Kc5 41. Rb8 a3 42. Rc8+ Kb4 43. Kd3 a2 44. Ra8 Kb3 45. f4 Rd5+ 46. Ke4 Rc5 47. Kd4 Rc1 48. Ra5 b4 49. Ke5 a1=Q+ 50. Rxa1 Rxa1 0-1


[Site "https://www.chess.com"]

[Event "Titled Tuesday Blitz February 07 Late 2023"]
[White "Maksimovic, Bojan"]
[Black "Curtis, John"]
[WhiteFideId "14408120"]
[BlackFideId "3200256"]
[WhiteElo "2486"]
[BlackElo "2292"]
[Result "1-0"]
[Round "02"]
[TimeControl "180+2"]
[Date "2023.02.07"]
[WhiteClock "0:00:27"]
[BlackClock "0:00:17"]

1. e4 e5 2. Nf3 Nc6 3. Bb5 Nf6 4. O-O Nxe4 5. Re1 Nd6 6. Nxe5 Be7 7. Bf1 Nxe5 8. Rxe5 O-O 9. d4 Bf6 10. Re1 Re8 11. Rxe8+ Nxe8 12. c3 d5 13. Bf4 Bf5 14. Qb3 Rb8 15. Nd2 Be7 16. Re1 Be6 17. Nf3 Bd6 18. Bg3 Bxg3 19. hxg3 h6 20. Bd3 Nd6 21. Ne5 c6 22. Qd1 Qf8 23. g4 Re8 24. Bc2 Nc4 25. Qd3 g6 26. Nxg6 Qg7 27. Nf4 Nxb2 28. Qf3 Rf8 29. Nh5 Qg5 30. Qe2 Kh8 31. f4 Qxg4 32. Qe5+ f6 33. Qxe6 Qxh5 34. Qd7 Qf7 35. Re7 1-0


[Site "https://www.chess.com"]

[Event "Titled Tuesday Blitz February 07 Late 2023"]
[White "Manu_ChessExcelsior"]
[Black "Perske, Thore"]
[BlackFideId "12902195"]
[WhiteElo "1881"]
[BlackElo "2448"]
[Result "0-1"]
[Round "02"]
[TimeControl "180+2"]
[Date "2023.02.07"]
[WhiteClock "0:00:06"]
[BlackClock "0:01:10"]

1. e4 e6 2. d4 d5 3. e5 c5 4. c3 Qb6 5. Nf3 Bd7 6. Be2 Bb5 7. O-O Bxe2 8. Qxe2 Qa6 9. Qd2 Nc6 10. Na3 cxd4 11. cxd4 Bxa3 12. bxa3 Nge7 13. Bb2 O-O 14. Rfc1 Rac8 15. Rc2 Na5 16. Rxc8 Rxc8 17. Qb4 Nec6 18. Qd2 Nc4 19. Qe2 h6 20. Rb1 Qb5 21. Qc2 Qa5 22. Bc1 b6 23. a4 Nb4 24. Qb3 Nc6 25. Be3 Ne7 26. Qb5 Qxb5 27. axb5 Nxe3 28. fxe3 Rc2 29. Ne1 Rxa2 30. Rc1 Nf5 31. Rc8+ Kh7 32. Rc7 Kg6 33. Nf3 Nxe3 34. Nh4+ Kh5 35. g3 g5 36. Rxf7 gxh4 37. g4+ Kxg4 38. Rg7+ Kf3 39. Rf7+ Ke4 0-1


[Site "https://www.chess.com"]

[Event "Titled Tuesday Blitz February 07 Late 2023"]
[White "Gurevich, Ilya"]
[Black "Carlsen, Magnus"]
[WhiteFideId "2000628"]
[BlackFideId "1503014"]
[WhiteElo "2586"]
[BlackElo "2853"]
[Result "0-1"]
[Round "02"]
[TimeControl "180+2"]
[Date "2023.02.07"]
[WhiteClock "0:00:19"]
[BlackClock "0:01:04"]

1. d4 Na6 2. c4 Nh6 3. Nc3 e5 4. dxe5 d6 5. Nf3 Be6 6. Bg5 Qd7 7. e3 Ng4 8. exd6 Bxd6 9. h3 Nf6 10. Bxf6 gxf6 11. Nd5 O-O-O 12. Be2 c6 13. Nc3 Rhg8 14. Kf1 Qe7 15. Qa4 Kb8 16. a3 Be5 17. Nxe5 fxe5 18. b4 Qg5 19. Bf3 f5 20. g3 Bxc4+ 21. Kg2 Rd2 22. Kg1 Nc5 23. bxc5 Qxg3+ 24. fxg3 Rxg3+ 25. Bg2 Rgxg2# 0-1


[Site "https://www.chess.com"]

[Event "Titled Tuesday Blitz February 07 Late 2023"]
[White "Zierk, Steven"]
[Black "Dauner, Benedikt"]
[WhiteFideId "2034255"]
[BlackFideId "16225899"]
[WhiteElo "2488"]
[BlackElo "2400"]
[Result "1/2-1/2"]
[Round "02"]
[TimeControl "180+2"]
[Date "2023.02.07"]
[WhiteClock "0:00:17"]
[BlackClock "0:00:05"]

1. e4 d5 2. exd5 Qxd5 3. Nc3 Qd6 4. d4 Nf6 5. Nf3 Nc6 6. Nb5 Qd8 7. c4 Bg4 8. Bf4 e5 9. dxe5 Bb4+ 10. Nc3 Qxd1+ 11. Rxd1 Ne4 12. Rd3 Bf5 13. Re3 Bc5 14. Rxe4 Bxe4 15. Nxe4 Bb4+ 16. Bd2 O-O-O 17. Be2 Bxd2+ 18. Nexd2 Rhe8 19. O-O Nxe5 20. Rd1 Nxf3+ 21. Bxf3 Rxd2 22. Kf1 Rxd1+ 23. Bxd1 Rd8 24. Ke2 Kd7 25. Bc2 h6 26. Be4 b6 27. b4 Kd6 28. f4 Re8 29. Kd3 a5 30. a3 axb4 31. axb4 c6 32. h4 Re7 33. Kd4 c5+ 34. bxc5+ bxc5+ 35. Kd3 Ra7 36. Bd5 f5 37. Ke3 Ra3+ 38. Kf2 Ke7 39. g3 Kf6 40. h5 Ra1 41. Ke3 Ra2 42. Bf3 Rc2 43. Be2 Rc3+ 44. Kf2 Ra3 45. Bf1 Ra7 46. Bg2 Rd7 47. Ke3 Rd4 48. Bd5 g6 49. hxg6 Kxg6 50. Bg8 Rd1 51. Kf3 Rf1+ 52. Kg2 Ra1 53. Kf3 Ra8 54. Bd5 Rf8 55. Kg2 Kf6 56. Kf3 Ke7 57. Ke3 Kd6 58. Kf3 Kc7 59. Kg2 Kb6 60. Kh3 Ka5 61. Kh4 Kb4 62. g4 fxg4 63. Kxg4 Rf6 64. f5 Kc3 65. Kf4 Kd4 66. Be6 Kd3 67. Ke5 Rf8 68. f6 h5 69. f7 h4 70. Kf6 h3 71. Ke7 Rxf7+ 72. Bxf7 h2 73. Bd5 h1=Q 74. Bxh1 Kxc4 75. Kd6 Kd4 76. Bd5 c4 77. Bxc4 1/2-1/2


[Site "https://www.chess.com"]

[Event "Titled Tuesday Blitz February 07 Late 2023"]
[White "Rasulov, Vugar"]
[Black "Kochetov, Andrey"]
[WhiteFideId "13402390"]
[BlackFideId "24130532"]
[WhiteElo "2523"]
[BlackElo "2165"]
[Result "1-0"]
[Round "02"]
[TimeControl "180+2"]
[Date "2023.02.07"]
[WhiteClock "0:00:45"]
[BlackClock "0:00:10"]

1. e4 Nf6 2. e5 Nd5 3. Nf3 e6 4. c4 Nb6 5. d4 d6 6. exd6 cxd6 7. Bd3 Be7 8. O-O O-O 9. Nc3 Nc6 10. Re1 Bf6 11. Be3 d5 12. c5 Nc4 13. Bxc4 dxc4 14. Qa4 Na5 15. Ne4 Bd7 16. Nxf6+ gxf6 17. Qc2 Bc6 18. Rad1 Kh8 19. Bf4 Rg8 20. Bg3 Rg4 21. Qc3 b6 22. h3 Rg7 23. Nh2 Qd5 24. Qf3 Rg6 25. Qxd5 Bxd5 26. Ng4 Rag8 27. Ne3 Bc6 28. cxb6 axb6 29. d5 Bd7 30. d6 f5 31. h4 Nc6 32. h5 Rg5 33. Bh4 Rxh5 34. Bf6+ Rg7 35. Nxc4 Kg8 36. Bxg7 Kxg7 37. Nxb6 Nb8 38. Rc1 1-0


[Site "https://www.chess.com"]